 Dungeon Crawl Stone Soup version 0.31-a0-859-g9dce7d3444 (webtiles) character file.

Game seed: 5088746130713843632

131 BinkBink the Skirmisher (level 4, 0/25 HPs)
             Began as a Deep Elf Hunter on Oct 10, 2023.
             Slain by an adder (3 damage)
             ... in a sewer.
             The game lasted 00:03:39 (1908 turns).

BinkBink the Skirmisher (Deep Elf Hunter)           Turns: 1908, Time: 00:03:40

Health: 0/25       AC:  0    Str:  8    XL:     4   Next: 91%
Magic:  6/6        EV: 13    Int: 14    God:
Gold:   131        SH:  0    Dex: 20    Spells: 3/3 levels left

rFire   + . .        a - +0 shortbow
rCold   + . .        (shield currently unavailable)
rNeg    . . .        (no body armour)
rPois   .            (no helmet)
rElec   .            r - scarf {rC+ rF+}
rCorr   .            (no gloves)
SInv    +            (no boots)
Will    .....        (no amulet)
Stlth   +            l - ring of see invisible
HPRegen 0.24/turn    (no ring)
MPRegen 0.10/turn

%: no passive effects
@: brilliant, lethally poisoned (0 -> -1), attractive, very slow
A: no striking features
a: no special abilities


You were in a sewer.
You visited 1 branch of the dungeon, and saw 3 of its levels.
You also visited: Sewer.

You collected 131 gold pieces.

Inventory:

Hand Weapons
 a - a +0 shortbow (weapon)
Armour
 n - a scarf of invisibility
 r - a scarf of resistance (worn)
Jewellery
 h - an amulet of magic regeneration
 k - a ring of magical power
 l - a ring of see invisible (left hand)
Scrolls
 b - a scroll of butterflies
 c - 2 scrolls of enchant weapon {unknown}
 d - 2 scrolls of vulnerability {unknown}
 e - 2 scrolls of teleportation {unknown}
 f - a scroll of amnesia {unknown}
 q - a scroll of poison {unknown}
Potions
 g - a potion of brilliance
 i - a potion of degeneration {unknown}
 j - a potion of haste {unknown}
 m - a potion of heal wounds {unknown}
 o - a potion of attraction
 p - a potion of berserk rage {unknown}


   Skills:
 - Level 1.5 Fighting
 * Level 8.3 Ranged Weapons
 - Level 2.4 Dodging
 - Level 1.2 Stealth


You had 3 spell levels left.
You didn't know any spells.
Your spell library contained the following spells:

 Spells                   Type           Power      Damage    Failure   Level
 Ensorcelled Hibernation  Hex/Ice        0%         N/A       41%         2
 Jinxbite                 Hex            0%         N/A       41%         2
 Passwall                 Tmut/Erth      0%         N/A       41%         2
 Ozocubu's Armour         Ice            0%         N/A       65%         3
 Swiftness                Air            0%         N/A       65%         3
 Anguish                  Hex/Necr       0%         N/A       96%         4
 Ozocubu's Refrigeration  Ice            0%         4d7       100%        7


Dungeon Overview and Level Annotations

Branches:
Dungeon (3/15)              Sewer (1/1)

Altars:


Message History

The ball python hisses angrily.
An adder comes into view.
The adder hisses angrily.
You shoot an arrow.
The arrow barely misses the ball python.
The arrow hits the river rat.
The river rat is heavily wounded.
The ball python bites you. The ball python misses you.
You shoot an arrow. The arrow misses the adder.
The ball python misses you. The ball python barely misses you.
The adder barely misses you. The ball python misses you.
The ball python completely misses you.
You shoot an arrow.
The arrow hits the river rat but does no damage.
The adder barely misses you. The ball python closely misses you.
The ball python grabs you. The ball python constricts you.
The adder barely misses you.
You shoot an arrow. The arrow hits the ball python!
You kill the ball python!
The adder bites you.
You are poisoned.
The adder poisons you! The river rat closely misses you. x2
You shoot an arrow.
The arrow hits the river rat but does no damage.
The river rat is heavily wounded.
You feel sick. The adder closely misses you. The river rat bites you.
The river rat bites you!
You are too injured to fight recklessly!
You are too injured to fight recklessly!
You are too injured to fight recklessly!
It was a potion of brilliance.
You feel clever all of a sudden.
You feel sick. The adder bites you.
* * * LOW HITPOINT WARNING * * *
The river rat closely misses you. The river rat misses you.
The adder bites you.
* * * LOW HITPOINT WARNING * * *
It was a potion of attraction.
You feel attractive to monsters.
You feel sick. The adder bites you.
You die...

#######################
##....≈≈≈≈≈≈≈≈≈≈≈≈≈≈≈..###
#.....≈≈≈≈≈≈≈.≈≈≈≈≈≈≈~...#
#..∩..~~≈≈≈#~~~rr≈≈≈≈.....
#..∩.~≈≈~~~~#≈#@~~~~~†....
#.....≈≈≈≈≈≈≈≈≈.S≈≈≈≈.....
##...#≈≈≈≈≈≈≈≈≈≈≈≈≈≈≈.....
######################...
.. .


You could see an adder and 2 river rats.

Vanquished Creatures
  A howler monkey (D:3)
  3 adders
  A worm (D:3)
  2 dart slugs
  3 orcs (D:3)
  7 bats
  5 endoplasms
  3 giant cockroaches (D:3)
  5 goblins
  3 hobgoblins
  3 kobolds
  3 quokkas (D:2)
  9 ball pythons
  A frilled lizard (D:1)
  7 rats
56 creatures vanquished.

Notes
Turn   | Place    | Note
-------+----------+-------------------------------------------
     0 | D:1      | BinkBink the Deep Elf Hunter began the quest for the Orb.
     0 | D:1      | Reached XP level 1. HP: 12/12 MP: 3/3
   198 | D:1      | Reached skill level 6 in Ranged Weapons
   198 | D:1      | Reached XP level 2. HP: 16/16 MP: 4/4
   618 | D:2      | Reached XP level 3. HP: 20/20 MP: 5/5
   681 | D:2      | Reached skill level 7 in Ranged Weapons
  1667 | D:3      | Reached XP level 4. HP: 25/25 MP: 6/6
  1831 | D:3      | Reached skill level 8 in Ranged Weapons
  1859 | D:3      | Found a glowing drain.
  1880 | Sewer    | Entered a sewer
  1908 | Sewer    | Slain by an adder

Illustrated notes

Levels and vault maps discovered:
D:1:      amcnicky_arrival_blooded_trapdoor, layout_basic
D:2:      layout_basic
D:3:      layout_basic, portal_sewer_entry_b
Sewer:    sewer_minmay_w

Skill      XL: |  1  2  3  4 |
---------------+-------------+-----
Ranged Weapons | 6 7 8 |  8.3
Fighting       | |  1.5
Dodging        | |  2.4
Stealth        | |  1.2

Action                     |  1- 3 |  4- 6 || total
---------------------------+-------+-------++-------
   Fire: Shortbow          |   108 |    39 ||   147
    Use: Potion            |       |     2 ||     2
 Armour: Skin              |    10 |    10 ||    20
  Dodge: Dodged            |    24 |    18 ||    42

Table legend: (Time is in decaauts)
 A = Elapsed time spent in this place.
 B = Non-inter-level travel time spent in this place.
 C = Inter-level travel time spent in this place.
 D = Time resting spent in this place.
 E = Time spent auto-exploring this place.
 F = Levels seen in this place.
 G = Mean time per level.
                   A        B        C        D        E       F      G
               +--------+--------+--------+--------+--------+-----+--------+
         Total |   1925 |   1858 |     67 |      0 |   1456 |   4 |  481.2 |
       Dungeon |   1889 |   1822 |     67 |      0 |   1441 |   3 |  629.7 |
         Sewer |     36 |     36 |      0 |      0 |     15 |   1 |   36.0 |
               +--------+--------+--------+--------+--------+-----+--------+

Top non-repeatable levels by time:
     D:2: 849 daAuts
     D:3: 568 daAuts
     D:1: 472 daAuts
   Sewer: 36 daAuts
